 Dungeon Crawl Stone Soup version 0.16.0-16-g311141a (webtiles) character file.

9611 Zapata the Bludgeoner (level 11, -11/60 HPs)
             Began as a Kobold Berserker on Mar 19, 2015.
             Was a High Priest of Trog.
             Mangled by an orc warrior
             ... wielding a +0 trident of flaming
              (12 damage)
             ... in a volcano.
             The game lasted 00:19:17 (11572 turns).

Zapata the Bludgeoner (Kobold Berserker)           Turns: 11572, Time: 00:19:20

Health: -11/60     AC: 16    Str: 16    XL:     11   Next: 77%
Magic:  11/11      EV:  8    Int:  7    God:    Trog [*****.]
Gold:   431        SH:  0    Dex: 19    Spells: 0 memorised, 10 levels left

rFire  . . .     SeeInvis .     a - +5 morningstar (crush)
rCold  + . .     Clarity  .     E - +2 plate armour {rPois}
rNeg   . . .     SustAb   .     (no shield)
rPois  +         Gourm    .     (no helmet)
rElec  .         Spirit   .     (no cloak)
rCorr  .         Warding  .     P - +0 pair of gloves
rMut   .         Stasis   .     n - +0 pair of boots
MR     .....                    (no amulet)
Stlth  ..........               r - +2 ring of intelligence
                                e - ring of protection from cold

@: exhausted, slowed, very slow, not resistant to hostile enchantments,
extremely unstealthy
A: carnivore 3
a: Burn Spellbooks, Berserk, Trog's Hand, Brothers in Arms, Renounce Religion


You were in a volcano.
You worshipped Trog.
Trog was extremely pleased with you.
You were not hungry.

You visited 2 branches of the dungeon, and saw 11 of its levels.
You also visited: Ossuary and Volcano.

You collected 431 gold pieces.

Inventory:

Hand weapons
 a - a +5 morningstar of crushing (weapon)
Missiles
 d - 219 stones (quivered)
Armour
 j - a +3 leather armour of fire resistance
 n - a +0 pair of boots (worn)
 E - a +2 plate armour of poison resistance (worn)
 L - a +2 ring mail of fire resistance
 P - a +0 pair of gloves (worn)
 Q - a +2 robe of positive energy
Jewellery
 e - a ring of protection from cold (left hand)
 r - a +2 ring of intelligence (right hand)
Magical devices
 y - a wand of teleportation (0)
 B - a wand of invisibility (5)
 J - a wand of slowing (29)
 V - a wand of draining (11)
 W - a wand of fire (9)
Scrolls
 h - 4 scrolls of fog
 k - a scroll of torment {unknown}
 m - 2 scrolls of enchant weapon
 w - 2 scrolls of magic mapping
 x - 4 scrolls of recharging
 C - 2 scrolls of fear {unknown}
 N - a scroll of blinking
 S - a scroll of teleportation {unknown}
 U - a scroll of enchant armour {unknown}
Potions
 f - 2 potions of might
 g - 2 potions of heal wounds
 i - 2 potions of flight {unknown}
 l - 2 potions of brilliance {unknown}
 o - a potion of berserk rage
 t - 3 potions of agility
 u - 7 potions of poison {unknown}
 z - 7 potions of curing
 A - 2 potions of haste {unknown}
 I - 4 potions of cure mutation {unknown}
 M - 2 potions of cancellation {unknown}
 O - a potion of restore abilities {unknown}
 R - 2 potions of invisibility {unknown}
 X - a potion of magic {unknown}
Comestibles
 b - 2 slices of pizza
 c - 7 meat rations
 G - a beef jerky


   Skills:
 - Level 3.2 Fighting
 - Level 16.1 Maces & Flails
 + Level 4.6 Armour
 - Level 2.4 Dodging


You had 10 spell levels left.
You didn't know any spells.

Dungeon Overview and Level Annotations

Branches:
Dungeon (10/15)            Temple (0/1) D:7            Lair (1/8) D:10
    Orc: D:9-12

Altars:
Cheibriados
Gozag
Ru
Sif Muna
Zin

Shops:
D:8 !   D:10 !


Innate Abilities, Weirdness & Mutations

You are small and have problems with some larger weapons.
You are carnivorous and can eat meat at any time.


Message History

Use which ability? (? or * to list)
Your ogre goes berserk!
You feel somewhat more hungry.
The orc warrior hits you from afar with a trident of flaming!
* * * LOW HITPOINT WARNING * * *
The orc warrior burns you.
* * * LOW HITPOINT WARNING * * *
The orc warrior hits you from afar with a trident of flaming.
* * * LOW HITPOINT WARNING * * *
The orc warrior burns you.
* * * LOW HITPOINT WARNING * * *
Huge Dmg: -26%(-16hp) hp: 4%(2hp) Drink which item? (? for menu, Esc to quit)
You feel much better.
The orc warrior hits you from afar with a trident of flaming!
* * * LOW HITPOINT WARNING * * *
The orc warrior burns you.
* * * LOW HITPOINT WARNING * * *
The orc warrior hits you from afar with a trident of flaming!
You die...

##≈≈§≈≈≈≈≈ #§
§≈≈#######
≈≈≈###$$[)$###
§##.#[![$!#.## ##§
#..+.!.[.'..#
##≈≈§##(.+.._..'..
≈≈≈§§≈#...#.....# #
≈≈≈§§§#.()#######...#§
≈≈≈§≈§#...'.O@[o'...#≈
≈≈≈≈≈#..(#..≈.o#...#§
#≈≈≈§#..)#8≈≈≈8# #
#≈≈§≈##..'..≈..'.. ≈≈≈
#..'.....'..# ≈
≈##.#8...8#.##§
≈≈≈###.....###≈§§
≈≈§§≈§.....≈≈§≈≈#
≈≈≈≈≈≈8...8≈§§§##


You could see 2 orc warriors and a friendly ogre (berserk).

Vanquished Creatures
  Urug (Volcano)
  A hill giant (D:10)
  Pikel (D:8)
  A gargoyle (D:10)
  11 yaks (D:10)
  Eustachio (D:6)
  A deep elf mage (D:10)
  5 hippogriffs
  A phantom (D:10)
  6 orc warriors
  2 sky beasts
  A black bear (D:10)
  2 necrophages (D:10)
  4 ogres
  A big kobold (D:10)
  7 giant frogs
  2 water moccasin zombies (Ossuary)
  A scorpion (D:5)
  A water moccasin skeleton (D:7)
  2 wyvern skeletons (D:10)
  2 killer bees (D:10)
  2 wights (D:7)
  A wasp zombie (D:10)
  9 hounds
  5 jellies
  3 crimson imps
  2 centaur skeletons
  2 giant frog skeletons
  8 orc priests
  5 hell rats (D:6)
  11 orc wizards
  12 worker ants
  An iguana (D:8)
  4 big kobold zombies (Ossuary)
  Ijyb (D:7)
  A hound zombie (D:7)
  2 mummies (Ossuary)
  3 hound skeletons
  A worker ant zombie (D:4)
  A gnoll (D:1)
  27 river rats
  14 adders
  4 giant mites
  4 worms
  10 adder zombies
  2 adder skeletons
  6 giant geckos
  32 orcs
  A ball python (D:3)
  A bat skeleton (D:5)
  4 giant cockroaches
  14 hobgoblins
  7 quokkas
  14 bats
  A giant gecko skeleton (D:4)
  3 giant newts
  2 gnoll zombies (Ossuary)
  5 goblins
  2 hobgoblin zombies (Ossuary)
  15 jackals
  12 kobolds
  3 kobold zombies (Ossuary)
  6 orc zombies (Ossuary)
  A quokka zombie (D:8)
  24 rats
342 creatures vanquished.

Vanquished Creatures (collateral kills)
  A hill giant (D:10)
  An ogre (D:10)
  4 killer bees (D:10)
  3 wights (D:7)
  2 kobolds (D:10)
11 creatures vanquished.

Vanquished Creatures (others)
  2 ogres
2 creatures vanquished.

Grand Total: 355 creatures vanquished

Notes
Turn   | Place    | Note
--------------------------------------------------------------
     0 | D:1      | Zapata, the Kobold Berserker, began the quest for the Orb.
     0 | D:1      | Reached XP level 1. HP: 14/14 MP: 1/1
   146 | D:1      | Reached XP level 2. HP: 19/19 MP: 2/2
   388 | D:2      | Reached skill level 4 in Maces & Flails
   388 | D:2      | Reached XP level 3. HP: 23/23 MP: 3/3
   729 | D:2      | Acquired Trog's second power
  1019 | D:2      | Reached XP level 4. HP: 21/28 MP: 4/4
  1446 | D:2      | Reached skill level 5 in Maces & Flails
  1837 | D:3      | Reached XP level 5. HP: 25/32 MP: 5/5
  2268 | D:4      | Reached skill level 6 in Maces & Flails
  2289 | D:4      | Found an opulent altar of Gozag.
  2347 | D:4      | Noticed an ogre
  2350 | D:4      | Killed an ogre
  2350 | D:4      | Reached XP level 6. HP: 10/37 MP: 6/6
  2592 | D:4      | Reached skill level 7 in Maces & Flails
  2613 | D:4      | Reached XP level 7. HP: 17/41 MP: 7/7
  2813 | D:4      | Noticed an ogre
  2817 | D:4      | Killed an ogre
  3130 | D:4      | Reached skill level 8 in Maces & Flails
  3961 | D:4      | Reached XP level 8. HP: 28/46 MP: 8/8
  4029 | D:5      | Entered Level 5 of the Dungeon
  4061 | D:5      | Reached skill level 9 in Maces & Flails
  4718 | D:5      | Acquired Trog's third power
  4719 | D:5      | Found a snail-covered altar of Cheibriados.
  4720 | D:5      | Found a sacrificial altar of Ru.
  4720 | D:5      | Found a glowing silver altar of Zin.
  5440 | D:6      | Noticed Eustachio
  5443 | D:6      | Reached skill level 10 in Maces & Flails
  5462 | D:6      | Killed Eustachio
  5560 | D:6      | Reached XP level 9. HP: 46/51 MP: 9/9
  5740 | D:6      | Reached skill level 11 in Maces & Flails
  7301 | D:7      | Found a staircase to the Ecumenical Temple.
  7374 | D:7      | Reached skill level 12 in Maces & Flails
  8085 | D:7      | Reached XP level 10. HP: 50/56 MP: 10/10
  8090 | D:7      | Reached skill level 13 in Maces & Flails
  8217 | D:7      | Noticed Ijyb
  8223 | D:7      | Killed Ijyb
  8417 | D:8      | Received a gift from Trog
  8510 | D:8      | Found a sand-covered staircase.
  8543 | Ossuary  | Entered an ossuary
  8898 | D:8      | Found Cliac's Distillery.
  8984 | D:8      | Noticed Pikel
  8989 | D:8      | Killed Pikel
  8989 | D:8      | Reached skill level 14 in Maces & Flails
  9738 | D:9      | Received a gift from Trog
  9898 | D:9      | Found a deep blue altar of Sif Muna.
 10040 | D:10     | Entered Level 10 of the Dungeon
 10330 | D:10     | Reached skill level 15 in Maces & Flails
 10333 | D:10     | Reached XP level 11. HP: 60/60 MP: 11/11
 10347 | D:10     | Found a staircase to the Lair.
 10360 | D:10     | Noticed a hill giant
 10363 | D:10     | Killed a hill giant
 10804 | D:10     | Noticed a hill giant
 10833 | D:10     | Killed a hill giant
 10833 | D:10     | Reached skill level 16 in Maces & Flails
 10882 | D:10     | Found Soirrieb's Distillery.
 10923 | D:10     | Noticed a gargoyle
 10928 | D:10     | Killed a gargoyle
 11202 | Lair:1   | Entered Level 1 of the Lair of Beasts
 11248 | Lair:1   | Received a gift from Trog
 11395 | Lair:1   | Found a dark tunnel.
 11517 | Volcano  | Entered a volcano
 11535 | Volcano  | Found a radiant altar of Vehumet.
 11536 | Volcano  | Noticed Urug
 11561 | Volcano  | Killed Urug
 11571 | Volcano  | HP: 3/60 [orc warrior/trident of flaming (2)]
 11572 | Volcano  | HP: 1/60 [orc warrior/trident of flaming (6)]
 11572 | Volcano  | Mangled by an orc warrior

Action                   |  1- 3 |  4- 6 |  7- 9 | 10-12 || total
-------------------------+-------+-------+-------+-------++-------
Melee: Mace              |    57 |   144 |   272 |       ||   473
       Flail             |       |       |    57 |       ||    57
       Morningstar       |       |       |     3 |   330 ||   333
Invok: Berserk           |     1 |     4 |    11 |     8 ||    24
       Trog's Hand       |       |     3 |     1 |       ||     4
       Burn Spellbooks   |       |       |     1 |     2 ||     3
       Brothers in Arms  |       |       |     1 |     3 ||     4
Evoke: Wand              |       |       |     2 |       ||     2
  Use: Potion            |       |     6 |       |     2 ||     8
       Scroll            |       |       |     7 |     7 ||    14
 Stab: Sleeping          |     1 |       |       |       ||     1
       Distracted        |       |     1 |       |       ||     1
  Eat: Chunk             |     8 |     6 |    20 |    22 ||    56
       Meat ration       |       |     1 |       |       ||     1
       Beef jerky        |       |       |     1 |       ||     1
       Pizza             |       |       |       |     1 ||     1
